[Event "SVK ECo-C Extraliga 2021-22"]
[Site "Slovakia"]
[Date "2022.02.19"]
[Round "3.2"]
[White "Druska Juraj"]
[Black "Nemeth Miklos"]
[Result "1/2-1/2"]
[ECO "E32"]
[WhiteElo "2505"]
[BlackElo "2449"]
[Annotator "RC"]
[PlyCount "69"]
[EventDate "2021.10.21"]
[EventType "team-tourn"]
[EventCountry "SVK"]
[SourceTitle "playchess.com"]
[Source "ChessBase"]
[SourceQuality "1"]
[TimeControl "40/5400+30:1800+30"]

1. d4 Nf6 2. c4 e6 3. Nc3 Bb4 4. Qc2 d6 5. a3 Bxc3+ 6. Qxc3 Nbd7 7. g3 O-O 8. Bg2 e5 9. Nf3 e4 10. Nd2 Re8 11. Nf1 d5 12. Ne3 c6 13. O-O Nf8 14. b3 Be6 15. a4 Qd7 16. Ba3 Bh3 17. cxd5 cxd5 18. Bxf8 Rxf8 19. Rfc1 Bxg2 20. Kxg2 Ng4 21. Nxg4 Qxg4 22. Qd2 Rac8 23. h3 Qf5 24. Rxc8 Rxc8 25. Rc1 Rxc1 26. Qxc1 h5 27. Qc7 e3 28. f3 g6 29. Qxb7 Qc2 30. Qb5 Qd2 31. Qd3 a5 32. h4 Kg7 33. Kf1 Qc1+ 34. Kg2 Qd2 35. Kf1 1/2-1/2

[Event "SVK ECo-C Extraliga 2021-22"]
[Site "Slovakia"]
[Date "2022.02.19"]
[Round "3.2"]
[White "Berezjuk, Sergej"]
[Black "Leniart, Arkadiusz"]
[Result "0-1"]
[ECO "C47"]
[WhiteElo "2402"]
[BlackElo "2467"]
[Annotator "ChessBase"]
[PlyCount "78"]
[EventDate "2021.10.21"]
[EventType "team-tourn"]
[EventCountry "SVK"]
[SourceTitle "playchess.com"]
[Source "ChessBase"]
[SourceQuality "1"]
[TimeControl "40/5400+30:1800+30"]

1. e4 e5 2. Nf3 Nc6 3. Nc3 Nf6 4. d4 exd4 5. Nxd4 Bb4 6. Nxc6 bxc6 7. Bd3 d5 8. exd5 O-O 9. O-O cxd5 10. h3 c6 11. Qf3 Rb8 12. Ne2 Bd6 13. b3 Be5 14. Bf4 Re8 15. Rad1 Bd7 16. c4 Qa5 17. Rd2 Bxf4 18. Qxf4 c5 19. g4 d4 20. Ng3 h6 21. Bb1 Rb6 22. Rdd1 Rbe6 23. Nf5 Ne4 24. Bxe4 Rxe4 25. Qf3 Bxf5 26. Qxf5 R8e5 27. Qf3 h5 28. Kg2 Qb6 29. gxh5 Qe6 30. Rd3 Rf5 31. Qg3 Ref4 32. Rdd1 Qf6 33. h4 Rxh4 34. f4 Rfxh5 35. Rde1 Qc6+ 36. Rf3 Rh2+ 37. Kf1 Rh1+ 38. Ke2 Qe4+ 39. Kd2 R5h2+ 0-1

[Event "SVK ECo-C Extraliga 2021-22"]
[Site "Slovakia"]
[Date "2022.02.19"]
[Round "3.3"]
[White "Kostolansky, Sebastian Lukas"]
[Black "Lewtak, Damian"]
[Result "1-0"]
[ECO "C07"]
[WhiteElo "2395"]
[BlackElo "2386"]
[Annotator "ChessBase"]
[PlyCount "119"]
[EventDate "2021.10.21"]
[EventType "team-tourn"]
[EventCountry "SVK"]
[SourceTitle "playchess.com"]
[Source "ChessBase"]
[SourceQuality "1"]
[TimeControl "40/5400+30:1800+30"]

1. e4 e6 2. d4 d5 3. Nd2 c5 4. exd5 Qxd5 5. dxc5 Bxc5 6. Ngf3 Nf6 7. Bd3 b6 8. Qe2 Bb7 9. O-O Qh5 10. Ne4 Nxe4 11. Bxe4 Nc6 12. Rd1 Rc8 13. Rd5 e5 14. Be3 Bxe3 15. Qxe3 O-O 16. Rd7 Ba8 17. c3 Qg4 18. Rd6 Rfe8 19. h3 Qh5 20. Kh2 f5 21. Bd5+ Kh8 22. Rd7 f4 23. Qe4 Rf8 24. Re1 h6 25. Nxe5 Nxe5 26. Qxe5 Qg6 27. Rd6 Qg5 28. Qxg5 hxg5 29. Re5 Rf6 30. Rd7 Bxd5 31. Rdxd5 Rc7 32. Rxg5 Re6 33. Rge5 Rxe5 34. Rxe5 Rd7 35. Re2 g5 36. f3 Kg7 37. Kg1 Rd1+ 38. Kf2 Rc1 39. Rd2 Kf6 40. Ke2 Ke5 41. Kd3 b5 42. Re2+ Kd5 43. b3 Rd1+ 44. Rd2 Re1 45. Kc2+ Kc5 46. b4+ Kc6 47. Kd3 Re3+ 48. Kd4 Re7 49. Rc2 Kb6 50. c4 Rd7+ 51. Kc3 Rd1 52. cxb5 Kxb5 53. a4+ Kb6 54. Kc4 a6 55. a5+ Kc6 56. b5+ axb5+ 57. Kb4+ Kd5 58. Rc5+ Kd4 59. Kxb5 Rb1+ 60. Kc6 1-0

[Event "SVK ECo-C Extraliga 2021-22"]
[Site "Slovakia"]
[Date "2022.02.19"]
[Round "3.3"]
[White "Vymazal, Bronislav"]
[Black "Mrva, Martin"]
[Result "1-0"]
[ECO "A05"]
[WhiteElo "2385"]
[BlackElo "2383"]
[Annotator "ChessBase"]
[PlyCount "79"]
[EventDate "2021.10.21"]
[EventType "team-tourn"]
[EventCountry "SVK"]
[SourceTitle "playchess.com"]
[Source "ChessBase"]
[SourceQuality "1"]
[TimeControl "40/5400+30:1800+30"]

1. Nf3 Nf6 2. g3 c5 3. Bg2 Nc6 4. c4 d6 5. Nc3 Bd7 6. O-O a6 7. d4 cxd4 8. Nxd4 Rc8 9. b3 e6 10. Nc2 Be7 11. Qd2 O-O 12. Rd1 Qa5 13. Ba3 Qe5 14. f4 Qh5 15. Bxd6 Bxd6 16. Qxd6 Rfd8 17. Ne3 Be8 18. Qa3 b5 19. Bf3 b4 20. Bxh5 bxa3 21. Bf3 Nb4 22. Kf2 Kf8 23. Ke1 Ke7 24. Rxd8 Rxd8 25. Nb1 Bc6 26. Bxc6 Nxc6 27. Nxa3 Ne4 28. Nac2 Rb8 29. Nd1 a5 30. Nf2 Nxf2 31. Kxf2 a4 32. Rb1 Na5 33. Nd4 Rb4 34. e3 f6 35. Rd1 axb3 36. axb3 g6 37. Ra1 e5 38. fxe5 fxe5 39. Rxa5 exd4 40. Rb5 1-0

[Event "SVK ECo-C Extraliga 2021-22"]
[Site "Slovakia"]
[Date "2022.02.19"]
[Round "3.3"]
[White "Mikrut, Dariusz"]
[Black "Plachetka, Jan"]
[Result "1/2-1/2"]
[ECO "D85"]
[WhiteElo "2377"]
[BlackElo "2308"]
[Annotator "ChessBase"]
[PlyCount "122"]
[EventDate "2021.10.21"]
[EventType "team-tourn"]
[EventCountry "SVK"]
[SourceTitle "playchess.com"]
[Source "ChessBase"]
[SourceQuality "1"]
[TimeControl "40/5400+30:1800+30"]

1. d4 Nf6 2. Nf3 g6 3. c4 Bg7 4. Nc3 d5 5. cxd5 Nxd5 6. e4 Nxc3 7. bxc3 c5 8. h3 Nc6 9. Be3 Qa5 10. Bd2 O-O 11. Bc4 b5 12. Bd5 Bb7 13. O-O e6 14. Bb3 Qc7 15. d5 exd5 16. Bxd5 Na5 17. Bxb7 Qxb7 18. Qc2 Nc4 19. Bf4 Rfe8 20. Rfe1 b4 21. e5 Na3 22. Qa4 Qb5 23. Qxb5 Nxb5 24. cxb4 cxb4 25. Rac1 Rac8 26. Ra1 Ra8 27. Rac1 Rac8 28. Bd2 a5 29. Kf1 Na3 30. Re4 Rxc1+ 31. Bxc1 Nb5 32. Rc4 Bf8 33. Bd2 Rb8 34. Ng5 Na3 35. Rc7 Bh6 36. e6 fxe6 37. Nxh7 Bg7 38. Ng5 Nb5 39. Rc5 Bf8 40. Rc4 Na3 41. Rc6 Bh6 42. Rxe6 Bxg5 43. Rxg6+ Kf7 44. Rxg5 a4 45. Bc1 Nb1 46. Rc5 Nc3 47. a3 Rd8 48. Re5 b3 49. Re1 Nd1 50. Ke2 b2 51. Bxb2 Nxb2 52. Rb1 Nc4 53. Rb4 Nxa3 54. Rxa4 Nb5 55. Rf4+ Kg6 56. g3 Nd4+ 57. Ke3 Ne6 58. Rc4 Ng5 59. Rc6+ Kg7 60. Rc7+ Kg6 61. Rc6+ Kg7 1/2-1/2

[Event "SVK ECo-C Extraliga 2021-22"]
[Site "Slovakia"]
[Date "2022.02.19"]
[Round "3.4"]
[White "Jurcik Martin"]
[Black "Borhy Marcell"]
[Result "1/2-1/2"]
[ECO "A13"]
[WhiteElo "2390"]
[BlackElo "2381"]
[Annotator "ChessBase"]
[PlyCount "43"]
[EventDate "2021.10.21"]
[EventType "team-tourn"]
[EventCountry "SVK"]
[SourceTitle "playchess.com"]
[Source "ChessBase"]
[SourceQuality "1"]
[TimeControl "40/5400+30:1800+30"]

1. c4 Nf6 2. Nf3 e6 3. e3 d5 4. b3 Be7 5. Bb2 O-O 6. Be2 b6 7. O-O Bb7 8. d4 dxc4 9. Bxc4 Nbd7 10. Qe2 c5 11. Nbd2 cxd4 12. Nxd4 Nc5 13. Rfd1 a6 14. a4 Qb8 15. b4 Nxa4 16. Rxa4 b5 17. Nxb5 axb5 18. Rxa8 Bxa8 19. Bxb5 Rd8 20. Bd4 Qb7 21. Nf3 Bxb4 22. Rb1 1/2-1/2

[Event "SVK ECo-C Extraliga 2021-22"]
[Site "Slovakia"]
[Date "2022.02.19"]
[Round "3.4"]
[White "Jablonicky, Martin"]
[Black "Manik, Mikulas"]
[Result "0-1"]
[ECO "E71"]
[WhiteElo "2317"]
[BlackElo "2349"]
[Annotator "ChessBase"]
[PlyCount "58"]
[EventDate "2021.10.21"]
[EventType "team-tourn"]
[EventCountry "SVK"]
[SourceTitle "playchess.com"]
[Source "ChessBase"]
[SourceQuality "1"]
[TimeControl "40/5400+30:1800+30"]

1. d4 Nf6 2. c4 g6 3. Nc3 Bg7 4. e4 d6 5. h3 O-O 6. Be3 c6 7. Nge2 Na6 8. g4 e5 9. d5 cxd5 10. cxd5 Qa5 11. Qd2 Nc5 12. Rb1 Nfxe4 13. Nxe4 Nd3+ 14. Kd1 Qa4+ 15. Qc2 Qxe4 16. Ng3 Qf3+ 17. Qe2 Qxe2+ 18. Bxe2 Nb4 19. Bf1 Nd3 20. Be2 Nb4 21. Bc4 b5 22. Bxb5 Nxd5 23. Bc6 Nxe3+ 24. fxe3 Rb8 25. Kd2 Be6 26. b3 d5 27. Ke2 Rfc8 28. Rhc1 Bh6 29. Rc5 Bf8 0-1

[Event "SVK ECo-C Extraliga 2021-22"]
[Site "Slovakia"]
[Date "2022.02.19"]
[Round "3.4"]
[White "Krak, Tomas"]
[Black "Likavsky, Tomas"]
[Result "0-1"]
[ECO "B53"]
[WhiteElo "2306"]
[BlackElo "2415"]
[Annotator "ChessBase"]
[PlyCount "71"]
[EventDate "2021.10.21"]
[EventType "team-tourn"]
[EventCountry "SVK"]
[SourceTitle "playchess.com"]
[Source "ChessBase"]
[SourceQuality "1"]
[TimeControl "40/5400+30:1800+30"]

1. e4 c5 2. Nf3 d6 3. d4 cxd4 4. Qxd4 Nc6 5. Bb5 Bd7 6. Bxc6 Bxc6 7. Nc3 e5 8. Qd3 h6 9. Be3 Nf6 10. h3 b5 11. O-O-O Qd7 12. Nd2 b4 13. Nd5 Nxd5 14. exd5 Bb5 15. Qe4 a5 16. f4 f5 17. Qf3 Rc8 18. Kb1 a4 19. fxe5 dxe5 20. Rhe1 Bd6 21. g4 O-O 22. gxf5 Rxf5 23. Qg2 Bf8 24. Ne4 b3 25. axb3 axb3 26. cxb3 Kh8 27. Rg1 Rh5 28. Qg6 Qe8 29. Qg3 Bd7 30. Rdf1 Rxh3 31. Qf2 Bb5 32. Rd1 Qh5 33. Nf6 Qf3 34. Qxf3 Rxf3 35. Ng4 Bd7 36. Ba7 0-1

[Event "SVK ECo-C Extraliga 2021-22"]
[Site "Slovakia"]
[Date "2022.02.19"]
[Round "3.5"]
[White "Bures, Jaroslav"]
[Black "Veres, Andrej"]
[Result "1-0"]
[ECO "E49"]
[WhiteElo "2411"]
[BlackElo "2185"]
[Annotator "ChessBase"]
[PlyCount "75"]
[EventDate "2021.10.21"]
[EventType "team-tourn"]
[EventCountry "SVK"]
[SourceTitle "playchess.com"]
[Source "ChessBase"]
[SourceQuality "1"]
[TimeControl "40/5400+30:1800+30"]

1. d4 Nf6 2. c4 e6 3. Nc3 Bb4 4. e3 O-O 5. Bd3 d5 6. a3 Bxc3+ 7. bxc3 c5 8. cxd5 exd5 9. Ne2 Re8 10. f3 Nc6 11. O-O Na5 12. Ng3 Qc7 13. Rb1 Be6 14. e4 dxe4 15. fxe4 Bg4 16. Qd2 Rad8 17. e5 Nh5 18. Ne4 cxd4 19. Qg5 Rxe5 20. Qxg4 dxc3 21. Bc2 g6 22. Bg5 Rde8 23. Nf6+ Nxf6 24. Bxf6 Rh5 25. Rf4 b5 26. h4 Nc4 27. Rxc4 bxc4 28. Bxc3 Qc5+ 29. Bd4 Qe7 30. Bf2 Qxa3 31. Qxc4 Rhe5 32. Rf1 Qe7 33. Bb3 Re4 34. Qc1 a5 35. Bc5 Re1 36. Bxe7 Rxc1 37. Bxf7+ Kg7 38. Bxe8 1-0

[Event "SVK ECo-C Extraliga 2021-22"]
[Site "Slovakia"]
[Date "2022.02.19"]
[Round "3.5"]
[White "Nguyen, Piotr"]
[Black "Karas, Marek"]
[Result "1/2-1/2"]
[ECO "C01"]
[WhiteElo "2401"]
[BlackElo "2285"]
[Annotator "ChessBase"]
[PlyCount "124"]
[EventDate "2021.10.21"]
[EventType "team-tourn"]
[EventCountry "SVK"]
[SourceTitle "playchess.com"]
[Source "ChessBase"]
[SourceQuality "1"]
[TimeControl "40/5400+30:1800+30"]

1. e4 e6 2. d4 d5 3. exd5 exd5 4. Nf3 Nc6 5. Bb5 Bg4 6. O-O Nf6 7. h3 Bxf3 8. Qxf3 Be7 9. c3 O-O 10. Bf4 Ne4 11. Nd2 Nxd2 12. Bxd2 Bg5 13. Bf4 Bxf4 14. Qxf4 Re8 15. Rae1 Qd7 16. Re3 Rxe3 17. fxe3 Re8 18. Bd3 Nd8 19. e4 dxe4 20. Bxe4 Qd6 21. Bd3 Qd7 22. Be4 Qd6 23. Qxd6 cxd6 24. Re1 Kf8 25. Kf2 Ne6 26. a4 Nc7 27. Re3 d5 28. Bc2 Rxe3 29. Kxe3 Ke7 30. b3 g6 31. h4 h6 32. c4 Ke6 33. g4 a5 34. Kf4 b6 35. Bd1 Kd6 36. Bf3 Ne6+ 37. Ke3 dxc4 38. bxc4 Nc7 39. Bb7 Ke6 40. Kf4 Kf6 41. Bc8 Ne8 42. g5+ hxg5+ 43. hxg5+ Ke7 44. Ke5 f6+ 45. gxf6+ Nxf6 46. Bh3 g5 47. Kf5 Ne8 48. Kxg5 Nd6 49. Bf1 Ne4+ 50. Kf4 Nc3 51. Ke5 Nxa4 52. Kd5 Nc3+ 53. Kc6 a4 54. c5 b5 55. d5 a3 56. d6+ Kd8 57. Bg2 a2 58. Kb7 a1=Q 59. c6 Qc1 60. c7+ Kd7 61. c8=Q+ Kxd6 62. Qf8+ Ke6 1/2-1/2

[Event "SVK ECo-C Extraliga 2021-22"]
[Site "Slovakia"]
[Date "2022.02.19"]
[Round "3.5"]
[White "Varga Zoltan"]
[Black "Zvarik Martin"]
[Result "1-0"]
[ECO "A27"]
[WhiteElo "2390"]
[BlackElo "2233"]
[Annotator "ChessBase"]
[PlyCount "59"]
[EventDate "2021.10.21"]
[EventType "team-tourn"]
[EventCountry "SVK"]
[SourceTitle "playchess.com"]
[Source "ChessBase"]
[SourceQuality "1"]
[TimeControl "40/5400+30:1800+30"]

1. c4 e5 2. Nf3 Nc6 3. Nc3 f5 4. d4 e4 5. Ng5 h6 6. Nh3 g5 7. d5 Ne5 8. f4 Nf7 9. Qd4 Be7 10. b3 Bf6 11. Qd2 Ne7 12. Bb2 Ng6 13. e3 Qe7 14. O-O-O d6 15. Be2 g4 16. Nf2 Nh4 17. g3 Nf3 18. Bxf3 gxf3 19. g4 Rg8 20. h3 Bh4 21. Rdg1 Bxf2 22. Qxf2 fxg4 23. hxg4 Rxg4 24. Qc2 Bf5 25. Rxg4 Bxg4 26. Nxe4 O-O-O 27. Bf6 Qe8 28. Bxd8 Kxd8 29. Nf6 Qxe3+ 30. Qd2 1-0

[Event "SVK ECo-C Extraliga 2021-22"]
[Site "Slovakia"]
[Date "2022.02.19"]
[Round "3.5"]
[White "Vass, Frantisek"]
[Black "Sepesi, Samuel"]
[Result "0-1"]
[ECO "A45"]
[WhiteElo "2311"]
[BlackElo "2137"]
[Annotator "ChessBase"]
[PlyCount "70"]
[EventDate "2021.10.21"]
[EventType "team-tourn"]
[EventCountry "SVK"]
[SourceTitle "playchess.com"]
[Source "ChessBase"]
[SourceQuality "1"]
[TimeControl "40/5400+30:1800+30"]

1. d4 Nf6 2. Bg5 g6 3. Bxf6 exf6 4. g3 d5 5. Bg2 Be6 6. e3 Nd7 7. Ne2 Bd6 8. O-O c6 9. Nd2 h5 10. Nf4 h4 11. Nxe6 fxe6 12. Qg4 Kf7 13. e4 f5 14. exf5 exf5 15. Qe2 hxg3 16. fxg3 Qg5 17. Nf3 Qh6 18. Rae1 Rae8 19. Qd2 Qxd2 20. Nxd2 Nf6 21. Bf3 f4 22. Kg2 g5 23. g4 Re3 24. a3 Rhe8 25. Rxe3 Rxe3 26. Kf2 Ne4+ 27. Bxe4 dxe4 28. Rh1 c5 29. d5 Be7 30. c3 b5 31. a4 c4 32. axb5 Bc5 33. Kf1 f3 34. Nxc4 Re2 35. h4 Rc2 0-1

[Event "SVK ECo-C Extraliga 2021-22"]
[Site "Slovakia"]
[Date "2022.02.19"]
[Round "3.6"]
[White "Straka Jozef"]
[Black "Csonka Attila Istvan"]
[Result "1/2-1/2"]
[ECO "E49"]
[WhiteElo "2320"]
[BlackElo "2334"]
[Annotator "ChessBase"]
[PlyCount "89"]
[EventDate "2021.10.21"]
[EventType "team-tourn"]
[EventCountry "SVK"]
[SourceTitle "playchess.com"]
[Source "ChessBase"]
[SourceQuality "1"]
[TimeControl "40/5400+30:1800+30"]

1. d4 Nf6 2. c4 e6 3. Nc3 Bb4 4. e3 O-O 5. Bd3 d5 6. Nge2 c5 7. O-O Nc6 8. a3 Bxc3 9. bxc3 Qc7 10. cxd5 exd5 11. Nf4 Ne7 12. a4 b6 13. Ba3 Rd8 14. Qb1 Ng6 15. Nxg6 hxg6 16. a5 Be6 17. Rc1 c4 18. axb6 axb6 19. Bc2 Ra7 20. Bb4 Rda8 21. Rxa7 Rxa7 22. f3 Ra8 23. Re1 Ra7 24. g3 Qd8 25. Qb2 Qa8 26. Bb1 Bf5 27. Bxf5 gxf5 28. Qc2 g6 29. Rb1 Ra2 30. Rb2 Rxb2 31. Qxb2 Qa4 32. Qb1 Qb3 33. Qe1 Qc2 34. Qf2 Qc1+ 35. Kg2 Kg7 36. h3 b5 37. Qe2 Qb1 38. g4 Nd7 39. Bd6 Qd3 40. Qe1 Qc2+ 41. Kg3 Nf8 42. Qa1 Qd2 43. Qa8 Qe1+ 44. Kg2 Qe2+ 45. Kg3 1/2-1/2

[Event "SVK ECo-C Extraliga 2021-22"]
[Site "Slovakia"]
[Date "2022.02.19"]
[Round "3.6"]
[White "Lanc, Alois"]
[Black "Bombek, Peter"]
[Result "0-1"]
[ECO "A43"]
[WhiteElo "2309"]
[BlackElo "2090"]
[Annotator "ChessBase"]
[PlyCount "116"]
[EventDate "2021.10.21"]
[EventType "team-tourn"]
[EventCountry "SVK"]
[SourceTitle "playchess.com"]
[Source "ChessBase"]
[SourceQuality "1"]
[TimeControl "40/5400+30:1800+30"]

1. d4 c5 2. e3 Nf6 3. c4 g6 4. Nc3 Bg7 5. Nf3 O-O 6. Be2 cxd4 7. exd4 d5 8. O-O dxc4 9. Bxc4 Bg4 10. Be3 Nc6 11. h3 Bxf3 12. Qxf3 Nxd4 13. Qxb7 Nc2 14. Rad1 Qc8 15. Qxc8 Raxc8 16. Bb3 Nxe3 17. fxe3 Bh6 18. Kf2 Rc5 19. Ke2 Re5 20. Rf3 Bg5 21. Rd4 h5 22. Rb4 h4 23. Rb5 Rxb5 24. Nxb5 a5 25. Rf1 Ne4 26. Rd1 Rb8 27. Nc3 Nxc3+ 28. bxc3 Bf6 29. c4 Rc8 30. Rc1 Rc5 31. Rc2 e6 32. Ba4 Be7 33. Kd3 Rg5 34. Bc6 Bc5 35. Rb2 Re5 36. Re2 Kf8 37. Bf3 Ke7 38. e4 Ba3 39. Re1 Rc5 40. Rb1 Bb4 41. Be2 Rc7 42. Rd1 Kf6 43. Ke3 Bc5+ 44. Kf3 Ke5 45. Rd3 f5 46. Rb3 fxe4+ 47. Kg4 Rf7 48. Kxh4 Rf2 49. Bg4 Rxg2 50. Rb5 Kd4 51. Kg5 e3 52. Kf6 e2 53. Bxe2 Rxe2 54. Rxa5 e5 55. Kxg6 e4 56. Ra8 e3 57. h4 Rg2+ 58. Kf5 e2 0-1

[Event "SVK ECo-C Extraliga 2021-22"]
[Site "Slovakia"]
[Date "2022.02.19"]
[Round "3.6"]
[White "Gasa, Patrik"]
[Black "Jacko, Vladimir"]
[Result "0-1"]
[ECO "E11"]
[WhiteElo "2188"]
[BlackElo "2350"]
[Annotator "ChessBase"]
[PlyCount "86"]
[EventDate "2021.10.21"]
[EventType "team-tourn"]
[EventCountry "SVK"]
[SourceTitle "playchess.com"]
[Source "ChessBase"]
[SourceQuality "1"]
[TimeControl "40/5400+30:1800+30"]

1. d4 Nf6 2. c4 e6 3. Nf3 Bb4+ 4. Bd2 c5 5. e3 Nc6 6. Bxb4 cxb4 7. Nbd2 O-O 8. Bd3 d6 9. O-O e5 10. h3 Qb6 11. c5 Qd8 12. cxd6 exd4 13. exd4 Qxd6 14. Nc4 Qf4 15. Qc1 Qxc1 16. Raxc1 Be6 17. Rfd1 Rfd8 18. a3 bxa3 19. bxa3 g6 20. Bf1 Rac8 21. Rb1 b6 22. Ne3 Ne7 23. a4 Nfd5 24. Rb2 Nf5 25. Nxf5 Bxf5 26. Ra1 Nf4 27. a5 bxa5 28. Rba2 Be4 29. Nd2 Ba8 30. Rxa5 Rxd4 31. Nb3 Rb4 32. R5a4 Nxh3+ 33. gxh3 Rxb3 34. Bc4 Rxh3 35. Bxf7+ Kg7 36. f3 Rg3+ 37. Kh2 Rxf3 38. Be6 Rc2+ 39. Kg1 Rg3+ 40. Kf1 Bg2+ 41. Ke1 Bc6 42. Rxa7+ Kf6 43. Kd1 Rh2 0-1

[Event "SVK ECo-C Extraliga 2021-22"]
[Site "Slovakia"]
[Date "2022.02.19"]
[Round "3.6"]
[White "Kravec, Patrik"]
[Black "Szucs, Vladimir"]
[Result "1-0"]
[ECO "A36"]
[WhiteElo "2140"]
[BlackElo "2117"]
[Annotator "ChessBase"]
[PlyCount "75"]
[EventDate "2021.10.21"]
[EventType "team-tourn"]
[EventCountry "SVK"]
[SourceTitle "playchess.com"]
[Source "ChessBase"]
[SourceQuality "1"]
[TimeControl "40/5400+30:1800+30"]

1. c4 c5 2. Nc3 Nc6 3. g3 g6 4. Bg2 Bg7 5. d3 Nf6 6. Nh3 d6 7. Nf4 Bd7 8. Rb1 a6 9. O-O Rb8 10. b3 O-O 11. Bb2 b5 12. Ncd5 Nxd5 13. Nxd5 Bxb2 14. Rxb2 bxc4 15. dxc4 a5 16. Nc3 Ne5 17. Qd2 a4 18. f4 Ng4 19. h3 a3 20. Rc2 Nf6 21. Kh2 Qb6 22. e4 Bc6 23. Qe3 Ne8 24. e5 Ng7 25. g4 dxe5 26. Qxe5 Ne6 27. Bxc6 Qxc6 28. Nd5 Rb7 29. Rcf2 Qd6 30. Qe4 Rd7 31. Kg2 f5 32. Qe3 fxg4 33. hxg4 Ng7 34. f5 gxf5 35. gxf5 Kh8 36. f6 e6 37. Ne7 Nh5 38. Qg5 1-0

[Event "SVK ECo-C Extraliga 2021-22"]
[Site "Slovakia"]
[Date "2022.02.19"]
[Round "3.7"]
[White "Finek Vaclav"]
[Black "Kopera Michal"]
[Result "1-0"]
[ECO "E06"]
[WhiteElo "2419"]
[BlackElo "2124"]
[Annotator "ChessBase"]
[PlyCount "89"]
[EventDate "2021.10.21"]
[EventType "team-tourn"]
[EventCountry "SVK"]
[SourceTitle "playchess.com"]
[Source "ChessBase"]
[SourceQuality "1"]
[TimeControl "40/5400+30:1800+30"]

1. d4 d5 2. c4 e6 3. Nf3 Nf6 4. g3 Be7 5. Bg2 O-O 6. O-O dxc4 7. Qc2 c6 8. Qxc4 b5 9. Qd3 Bb7 10. Bg5 Nbd7 11. Nc3 a6 12. a4 b4 13. Bxf6 Nxf6 14. Ne4 a5 15. Ne5 Nd5 16. Rac1 Rc8 17. Rfd1 Qc7 18. e3 Rfd8 19. Qb3 Qb6 20. Nc5 Bxc5 21. Rxc5 Ba6 22. Rdc1 Rd6 23. h4 g6 24. Bf1 Ne7 25. Bxa6 Qxa6 26. Nc4 Rd5 27. Nxa5 Qb6 28. R1c4 Rxc5 29. Rxc5 Kg7 30. Nc4 Qb8 31. Ne5 Qb7 32. Nd3 Nd5 33. Rc4 f5 34. Ne5 Kf6 35. Qc2 Ne7 36. Nd3 Nd5 37. Nc5 Qa7 38. e4 fxe4 39. Qxe4 Re8 40. Qe5+ Kf7 41. Ne4 Qa6 42. Ng5+ Kg8 43. Nxe6 Re7 44. Qb8+ Kf7 45. Rxc6 1-0

[Event "SVK ECo-C Extraliga 2021-22"]
[Site "Slovakia"]
[Date "2022.02.19"]
[Round "3.7"]
[White "Danada, Tomas"]
[Black "Spacek, Oliver"]
[Result "0-1"]
[ECO "A10"]
[WhiteElo "2337"]
[BlackElo "2228"]
[Annotator "ChessBase"]
[PlyCount "126"]
[EventDate "2021.10.21"]
[EventType "team-tourn"]
[EventCountry "SVK"]
[SourceTitle "playchess.com"]
[Source "ChessBase"]
[SourceQuality "1"]
[TimeControl "40/5400+30:1800+30"]

1. c4 g6 2. d4 Bg7 3. Nf3 c5 4. e4 Nc6 5. d5 Nd4 6. Nxd4 Bxd4 7. Bd3 d6 8. Nc3 e6 9. O-O a6 10. Qe2 Qf6 11. Bc2 Bd7 12. a4 Qg7 13. Qd3 Ne7 14. Ne2 exd5 15. Nxd4 dxc4 16. Ne6 cxd3 17. Nxg7+ Kf8 18. Nh5 gxh5 19. Bh6+ Ke8 20. Bxd3 Rg8 21. Rfe1 Bc6 22. Re3 Kd7 23. Rh3 f5 24. f3 fxe4 25. Bxe4 Bxe4 26. fxe4 Rg4 27. Re1 Rag8 28. g3 h4 29. Kf2 Ng6 30. Re3 Re8 31. gxh4 Rexe4 32. Rb3 Nxh4 33. Rxb7+ Kc6 34. Rhb3 Rg2+ 35. Kf1 Rxa4 36. R7b6+ Kc7 37. Rb7+ Kc8 38. Rb8+ Kd7 39. R8b7+ Ke6 40. Re3+ Kd5 41. Rb6 Rxh2 42. Rd3+ Rd4 43. Rxd4+ cxd4 44. Bf4 Rh1+ 45. Ke2 Nf5 46. Rxa6 h5 47. Kd3 Rh3+ 48. Kc2 Rf3 49. Bd2 h4 50. Ra7 Ng3 51. Be1 d3+ 52. Kd1 Ne4 53. Rh7 Rf1 54. Rxh4 d2 55. Rxe4 Kxe4 56. Kxd2 d5 57. b4 Rf3 58. Kc2 d4 59. Bd2 Kd5 60. Be1 Kc4 61. Bd2 Rf1 62. Kb2 d3 63. b5 Rf5 0-1

[Event "SVK ECo-C Extraliga 2021-22"]
[Site "Slovakia"]
[Date "2022.02.19"]
[Round "3.7"]
[White "Briestensky, Rastislav"]
[Black "Rucek, Kristian"]
[Result "1/2-1/2"]
[ECO "C07"]
[WhiteElo "2312"]
[BlackElo "2109"]
[Annotator "ChessBase"]
[PlyCount "115"]
[EventDate "2021.10.21"]
[EventType "team-tourn"]
[EventCountry "SVK"]
[SourceTitle "playchess.com"]
[Source "ChessBase"]
[SourceQuality "1"]
[TimeControl "40/5400+30:1800+30"]

1. e4 e6 2. d4 d5 3. Nd2 c5 4. exd5 Qxd5 5. Ngf3 cxd4 6. Bc4 Qd6 7. O-O Nf6 8. Nb3 Nc6 9. Re1 Be7 10. Nbxd4 Nxd4 11. Qxd4 Qxd4 12. Nxd4 O-O 13. c3 Bd7 14. Bf1 Rfd8 15. a3 Rac8 16. h3 Bc5 17. Nb3 Bb6 18. a4 a6 19. a5 Ba7 20. c4 Bc6 21. Be3 Bxe3 22. Rxe3 Ne4 23. Bd3 Nd6 24. f3 Be8 25. Rc1 Ba4 26. Na1 Nf5 27. Bxf5 exf5 28. b3 Bd7 29. Rd3 Be6 30. Rcd1 Rxd3 31. Rxd3 g5 32. Nc2 Rc5 33. Rd8+ Kg7 34. Rb8 Rxa5 35. Rxb7 Kf6 36. Nd4 Ra1+ 37. Kf2 Ra2+ 38. Kg3 h5 39. Rb6 h4+ 40. Kh2 Ke5 41. Nc6+ Kf4 42. Nb4 Rd2 43. Rxa6 g4 44. hxg4 fxg4 45. fxg4 Kxg4 46. Ra2 Rxa2 47. Nxa2 Kf4 48. Nc3 Ke3 49. Nb5 f5 50. Nc7 Bd7 51. Nd5+ Kd3 52. Kh3 Kc2 53. Nb6 Bc6 54. b4 Kc3 55. b5 Be8 56. Nc8 Kd4 57. Nd6 Bd7 58. b6 1/2-1/2

[Event "SVK ECo-C Extraliga 2021-22"]
[Site "Slovakia"]
[Date "2022.02.19"]
[Round "3.7"]
[White "Strachan, Jan"]
[Black "Kardis, Benjamin"]
[Result "0-1"]
[ECO "B10"]
[WhiteElo "2115"]
[BlackElo "1939"]
[Annotator "ChessBase"]
[PlyCount "116"]
[EventDate "2021.10.21"]
[EventType "team-tourn"]
[EventCountry "SVK"]
[SourceTitle "playchess.com"]
[Source "ChessBase"]
[SourceQuality "1"]
[TimeControl "40/5400+30:1800+30"]

1. e4 c6 2. Nc3 d5 3. Nf3 dxe4 4. Nxe4 Nf6 5. Nxf6+ exf6 6. d4 Bd6 7. h3 O-O 8. Be2 Na6 9. O-O Re8 10. c3 Nc7 11. Ne1 f5 12. Nd3 Ne6 13. Re1 Qh4 14. Bf1 Rd8 15. Qe2 f4 16. Bd2 h6 17. Ne5 Ng5 18. Nf3 Qh5 19. Nxg5 Qxg5 20. Qf3 Qf6 21. Bc4 a5 22. a4 Bd7 23. Re2 Re8 24. Rae1 Rxe2 25. Rxe2 Re8 26. Rxe8+ Bxe8 27. Qg4 Kf8 28. Bd3 Kg8 29. Qc8 Qe7 30. Qf5 Qg5 31. Qe4 Bd7 32. g3 Qh5 33. Bxf4 Bxf4 34. gxf4 Qxh3 35. f5 Qh5 36. f3 Qg5+ 37. Kf2 h5 38. c4 h4 39. Qg4 Qd2+ 40. Be2 h3 41. Qxh3 Qxd4+ 42. Kf1 Qxb2 43. Bd3 Qc3 44. Ke2 Qe5+ 45. Kf1 g6 46. Qg4 Bxf5 47. Bxf5 Qxf5 48. Qd4 Qxf3+ 49. Kg1 Qg3+ 50. Kh1 Qg5 51. Kh2 c5 52. Qe4 b6 53. Kh1 Qf6 54. Kh2 g5 55. Kg2 g4 56. Qe8+ Kg7 57. Kh1 g3 58. Qe2 Qh4+ 0-1